 Dungeon Crawl Stone Soup version 0.21-a0-41-g5e91fef (webtiles) character file.

2325 Duffy the Blocker (level 9, -3/68 HPs)
             Began as a Formicid Fighter on June 3, 2017.
             Was a Believer of Makhleb.
             Slain by a two-headed ogre
             ... wielding a +0 giant club
              (7 damage)
             ... on level 7 of the Dungeon.
             The game lasted 00:07:19 (7600 turns).

Duffy the Blocker (Formicid Fighter)                Turns: 7600, Time: 00:07:19

Health: -3/68      AC: 12    Str: 25    XL:     9   Next: 69%
Magic:  9/9        EV:  7    Int:  9    God:    Makhleb [**....]
Gold:   423        SH: 12    Dex:  8    Spells: 8/8 levels left

rFire    . . .     SeeInvis +   Q - +3 battleaxe
rCold    . . .     Gourm    .   w - +0 shield (curse)
rNeg     . . .     Faith    .   J - +0 plate armour
rPois    +         Spirit   .   (helmet unavailable)
rElec    .         Reflect  .   (no cloak)
rCorr    .         Harm     .   (no gloves)
MR       .....                  (no boots)
Stlth    ..........             y - amulet of rage
Regen    0.7/turn               u - ring of teleportation (curse)
MPRegen  0.2/turn               H - ring of loudness (curse)

@: no status effects
A: permanent stasis, dig shafts and tunnels, four strong arms, antennae 3,
clumsy 1, poison resistance, regeneration 1, strong 1
a: Dig, Shaft Self, Minor Destruction, Renounce Religion


You were on level 7 of the Dungeon.
You worshipped Makhleb.
Makhleb was pleased with you.
You were not hungry.

You visited 2 branches of the dungeon, and saw 8 of its levels.
You also visited: Ossuary.

You collected 423 gold pieces.

Inventory:

Hand Weapons
 a - a +0 war axe
 D - a +0 flail of holy wrath
 I - a +0 blowgun
 Q - a +3 battleaxe (weapon)
Missiles
 S - a throwing net (quivered)
Armour
 b - a +0 scale mail
 c - a +0 shield
 w - a cursed +0 shield (worn)
 A - a +0 chain mail
 J - a +0 plate armour (worn)
Jewellery
 u - a cursed ring of teleportation (left hand)
 y - an amulet of rage (around neck)
 C - a +4 ring of dexterity
 H - a cursed ring of loudness (right hand)
Scrolls
 j - 3 scrolls of recharging {unknown}
 m - 2 scrolls of remove curse {unknown}
 n - a scroll of enchant weapon {unknown}
 o - 2 scrolls of enchant armour {unknown}
 p - a scroll of fear {unknown}
 r - a scroll of amnesia {unknown}
 t - a scroll of blinking {unknown}
 v - 5 scrolls of teleportation {unknown}
 x - 4 scrolls of identify {unknown}
 B - 2 scrolls of holy word {unknown}
 K - 2 scrolls of magic mapping {unknown}
 M - 2 scrolls of fog {unknown}
 N - 2 scrolls of immolation {unknown}
Potions
 d - 4 potions of might
 e - 2 potions of agility {unknown}
 i - 2 potions of flight {unknown}
 l - 6 potions of heal wounds {unknown}
 q - 4 potions of cancellation {unknown}
 s - 4 potions of mutation {unknown}
 z - a potion of degeneration {unknown}
 E - 2 potions of curing {unknown}
 F - 2 potions of haste {unknown}
 G - a potion of resistance {unknown}
 L - a potion of lignification {unknown}
 O - a potion of invisibility {unknown}
 P - 2 potions of brilliance {unknown}
Comestibles
 f - 4 bread rations
 g - a royal jelly
 h - 3 meat rations
 k - 5 fruits
 R - 4 chunks of flesh


   Skills:
 + Level 5.1 Fighting
 * Level 8.6 Axes
 - Level 5.1 Armour
 - Level 9.5 Shields


You had 8 spell levels left.
You didn't know any spells.

Dungeon Overview and Level Annotations

Branches:
Dungeon (7/15)             Temple (1/1) D:5

Altars:
Ashenzari
Cheibriados
Dithmenos
Elyvilon
Fedhas
Gozag
Hepliaklqana
Kikubaaqudgha
Makhleb
Nemelex Xobeh
Okawaru
Qazlal
Ru
Sif Muna
Trog
Uskayaw
Vehumet
Wu Jian
Xom
Yredelemnul
Zin
The Shining One

Shops:
D:6 [


Innate Abilities, Weirdness & Mutations

You cannot be hasted, slowed, berserked, paralysed or teleported.
You can dig through walls and to a lower floor.
Your four strong arms can wield two-handed weapons with a shield.
You have a pair of large antennae on your head. (SInv)
You are clumsy. (Dex -2)
Your system is resistant to poisons. (rPois)
Your natural rate of healing is unusually fast.
Your muscles are strong. (Str +2)


Message History

You are too injured to fight recklessly!
You closely miss the two-headed ogre.
The two-headed ogre is heavily wounded.
You block the two-headed ogre's attack.
The two-headed ogre hits you with a giant club!
You hit the two-headed ogre but do no damage.
The two-headed ogre is heavily wounded.
The two-headed ogre hits you with a giant club. x2
Your plate armour prevents you from hitting the two-headed ogre.
The two-headed ogre is heavily wounded.
The two-headed ogre closely misses you.
The two-headed ogre hits you but does no damage.
You slice the two-headed ogre!!
The two-headed ogre is almost dead.
The two-headed ogre hits you with a giant club.
You block the two-headed ogre's attack.
You hit the two-headed ogre.
The two-headed ogre is almost dead.
The two-headed ogre hits you with a giant club!
You die...

##.###.###.......##...
....##.######.......>.#
.........# #..#####..#
.........# #....# ..#
.....#.#.# #..#.# ..#
#...##.#.# #....# ..#
#...##.#.####....# ..#
..........)....#####..#
...............O@.....#
.....#.#.#####.#.####.#
#.##.#.#.# #.#.# #
#.##.#.#.# #.#.#
.....#.#.#####.#)#
#.##.#.#.......#..
#.##.#.#.......###
#....#....######
..##........#


You could see a two-headed ogre.

Vanquished Creatures
  An ice beast (D:5)
  3 ogres
  2 sky beasts (D:5)
  2 centaurs
  A big kobold (D:7)
  A bullfrog (D:6)
  A gnoll sergeant (D:7)
  5 wights (D:6)
  3 howler monkeys
  A bullfrog zombie (D:6)
  2 centaur zombies (Ossuary)
  A bullfrog skeleton (D:5)
  4 orc priests
  A hound (D:5)
  A gnoll shaman (D:7)
  2 jellies (D:4)
  6 orc wizards
  7 worker ants
  4 big kobold zombies (Ossuary)
  A hound zombie (D:6)
  5 mummies
  5 adders
  7 gnolls (D:7)
  A shadow imp (D:5)
  8 oozes (D:4)
  3 worms
  A dart slug (D:1)
  6 leopard geckos
  25 orcs
  A ball python (D:2)
  4 bats
  5 giant cockroaches
  2 goblins
  3 hobgoblins
  9 jackals
  19 kobolds
  5 quokkas
  4 frilled lizards
  A hobgoblin zombie (Ossuary)
  A jackal skeleton (D:5)
  A quokka zombie (D:6)
  9 rats
  A fungus (D:4)
175 creatures vanquished.

Vanquished Creatures (others)
  A fungus (D:4)
  7 toadstools (D:4)
8 creatures vanquished.

Grand Total: 183 creatures vanquished

Notes
Turn   | Place    | Note
-------+----------+-------------------------------------------
     0 | D:1      | Duffy the Formicid Fighter began the quest for the Orb.
     0 | D:1      | Reached XP level 1. HP: 18/18 MP: 1/1
   159 | D:1      | Reached XP level 2. HP: 23/24 MP: 2/2
   203 | D:1      | Reached skill level 4 in Shields
   474 | D:1      | Reached XP level 3. HP: 29/29 MP: 3/3
   959 | D:2      | Found a shimmering altar of Xom.
   961 | D:2      | Found a shimmering altar of Xom.
   961 | D:2      | Found a shimmering altar of Xom.
   967 | D:2      | Found a shimmering altar of Xom.
   968 | D:2      | Found a shimmering altar of Xom.
  1114 | D:2      | Found an ancient bone altar of Kikubaaqudgha.
  1229 | D:2      | Reached XP level 4. HP: 35/35 MP: 4/4
  1747 | D:3      | Reached skill level 5 in Shields
  2302 | D:3      | Reached XP level 5. HP: 22/41 MP: 5/5
  3238 | D:4      | Reached XP level 6. HP: 35/47 MP: 6/6
  3242 | D:4      | Reached skill level 6 in Shields
  3360 | D:4      | Found a sand-covered staircase.
  3371 | Ossuary  | Entered an ossuary
  3645 | Ossuary  | Reached skill level 5 in Axes
  3645 | Ossuary  | Reached XP level 7. HP: 43/52 MP: 7/7
  3793 | Ossuary  | Reached skill level 7 in Shields
  5029 | D:5      | Entered Level 5 of the Dungeon
  5347 | D:5      | Reached skill level 8 in Shields
  5347 | D:5      | Reached XP level 8. HP: 28/58 MP: 8/8
  5515 | D:5      | Gained mutation: You are clumsy. (Dex -2) [mutagenic meat]
  5516 | D:5      | Gained mutation: Your system is resistant to poisons. (rPois) [mutagenic meat]
  5517 | D:5      | Gained mutation: Your natural rate of healing is unusually fast. [mutagenic meat]
  5518 | D:5      | Gained mutation: Your muscles are strong. (Str +2) [mutagenic meat]
  5560 | D:5      | Found a staircase to the Ecumenical Temple.
  5591 | Temple   | Entered the Ecumenical Temple
  5790 | Temple   | Became a worshipper of Makhleb the Destroyer
  5974 | D:5      | Found a stormy altar of Qazlal.
  5977 | D:5      | Noticed a water elemental
  6181 | D:5      | Noticed an air elemental
  6181 | D:5      | Noticed a fire elemental
  6254 | D:5      | Reached skill level 9 in Shields
  6396 | D:6      | Reached skill level 5 in Armour
  6396 | D:6      | Reached XP level 9. HP: 59/64 MP: 9/9
  6493 | D:6      | Found an iron altar of Okawaru.
  6741 | D:6      | Reached * piety under Makhleb
  7076 | D:6      | Found Iteep's Antique Armour Emporium.
  7383 | D:7      | Reached skill level 5 in Fighting
  7399 | D:7      | Reached ** piety under Makhleb
  7473 | D:7      | Noticed a two-headed ogre
  7479 | D:7      | HP: 3/68 [two-headed ogre/giant club (17)]
  7599 | D:7      | HP: 3/68 [two-headed ogre/giant club (5)]
  7600 | D:7      | Slain by a two-headed ogre

Vault maps used:
D:1:      dpeg_arrival_erosion
D:2:      nicolae_overflow_hidden_temple, xom_redecorated
D:3:      corner_web_ring, grunt_decor_mini_mirrors
D:4:      cheibrodos_fertilizer, first_bread, gup_ossuary_entry_pyramid
D:5:      minmay_temple_entry_water_ring, nicolae_qazlal_style_of_elements
D:6:      serial_shops, shop, basic_altar
D:7:      serial_shops, nicolae_shop_crystal
Temple:   kilobyte_greek_temple
Ossuary:  ossuary_the_hunt_dpeg

Skill      XL: |  1  2  3  4  5  6  7  8  9 |
---------------+----------------------------+-----
Shields        | 4 5 6 8 9 |  9.5
Axes           | 3 4 5 6 8 |  8.6
Armour         | 5 |  5.1
Fighting       | 5 |  5.1

Action                   |  1- 3 |  4- 6 |  7- 9 || total
-------------------------+-------+-------+-------++-------
Melee: War axe           |    80 |   129 |   215 ||   424
       Flail             |       |    23 |    16 ||    39
       Battleaxe         |       |       |   136 ||   136
 Abil: Dig               |     3 |     9 |       ||    12
  Eat: Chunk             |     1 |    10 |    17 ||    28
Armor: Scale mail        |    32 |    12 |       ||    44
       Chain mail        |       |    54 |    65 ||   119
       Plate armour      |       |       |    89 ||    89
Dodge: Dodged            |    30 |    36 |   105 ||   171
Block: Shield            |    43 |    93 |   259 ||   395
